 Dungeon Sprint DCSS version 0.28-a0-79-g444c7a33f5 (webtiles) character file.

Game seed: 5555025606288618868

438 Zeldest the Shield-Bearer (level 7, -8/40 HPs)
             Began as a Vine Stalker Fighter on Aug 2, 2021.
             Was a Believer of Cheibriados.
             Killed by vampiric draining
             ... invoked by a vampire
              (10 damage)
             ... in the Dungeon (Sprint IX: "|||||||||||||||||||||||||||||") on Aug 3, 2021.
             The game lasted 00:01:29 (143 turns).

Zeldest the Shield-Bearer (Vine Stalker Fighter)     Turns: 143, Time: 00:01:29

Health: -8/40      AC: 15    Str: 25    XL:     7   Next: 1%
Magic:  0/10       EV: 10    Int: 13    God:    Cheibriados [**....]
Gold:   0          SH: 12    Dex: 22    Spells: 6/6 levels left

rFire   . . .      SeeInvis .   k - +2 scimitar (flame)
rCold   . . .      Faith    .   c - +0 kite shield
rNeg    . . .      Spirit   +   n - +0 plate armour
rPois   .          Reflect  .   (no helmet)
rElec   .          Harm     .   l - +0 cloak
rCorr   .          Rampage  .   (no gloves)
Will    .....      NoTele   +   m - +0 pair of boots
Stlth   ..........              (no amulet)
HPRegen 1.13/turn               o - +2 ring of evasion
MPRegen 0.12/turn               p - +3 ring of dexterity

@: very slow
A: fangs 2, regeneration 1, magic shield, antimagic bite, no potion heal 2
a: Renounce Religion, Bend Time


You were in the Dungeon.
You worshipped Cheibriados.
Cheibriados was pleased with you.
You visited 1 branch

Inventory:

Hand Weapons
 a - a +0 long sword
 k - a +2 scimitar of flaming (weapon)
Armour
 b - a +0 scale mail
 c - a +0 kite shield (worn)
 l - a +0 cloak (worn)
 m - a +0 pair of boots (worn)
 n - a +0 plate armour (worn)
Jewellery
 o - a +2 ring of evasion (left hand)
 p - a +3 ring of dexterity (right hand)
Wands
 j - a wand of acid (7)
Scrolls
 h - 2 scrolls of amnesia
 i - 2 scrolls of blinking
Potions
 d - a potion of might
 e - 5 potions of curing
 f - a potion of invisibility
 g - 4 potions of magic


   Skills:
 + Level 6.2 Fighting
 + Level 5.9 Long Blades
 + Level 5.6 Armour
 + Level 5.0 Dodging
 + Level 6.3 Shields
 + Level 3.8 Invocations


You had 6 spell levels left.
You didn't know any spells.
Your spell library was empty.

Dungeon Overview and Level Annotations

Branches:
Dungeon (1/1)

Altars:
Cheibriados
Dithmenos
Elyvilon
Fedhas
Gozag
Hepliaklqana
Kikubaaqudgha
Makhleb
Nemelex Xobeh
Okawaru
Qazlal
Ru
Sif Muna
Trog
Uskayaw
Vehumet
Wu Jian
Xom
Yredelemnul
Zin
The Shining One
Beogh
Jiyva
Lugonu


Innate Abilities, Weirdness & Mutations

You have extremely sharp teeth.
Your natural rate of healing is unusually fast.
When hurt, damage is shared between your health and your magic reserves.
Your bite disrupts and absorbs the magic of your enemies.
Potions cannot restore your health.


Message History

You block something's attack. Something bites you but does no damage.
Something hits you but does no damage. Something bites you!
Something draws strength from your injuries!
You hit something. You burn something. You bite something. Something hits you.
Something bites you.
Something draws strength from your injuries!
You barely miss something. You bite something. Something hits you.
Something bites you but does no damage.
You hit something but do no damage. You bite something.
You block something's attack. Something bites you.
Something draws strength from your injuries!
You hear some strange, mumbled words.
Something tries to affect you, but you resist.
You miss something. You bite something. Something hits you!
* * * LOW HITPOINT WARNING * * *
Something bites you.
* * * LOW HITPOINT WARNING * * *
Something draws strength from your injuries!
Aiming: Corrosive Bolt
Press: ? - help, Shift-Dir - straight line The bolt of acid hits something!
The acid corrodes something!
Cheibriados appreciates the change of pace.
Cheibriados raises the support of your attributes as your movement slows.
Reactivating autopickup.
You feel a bit more experienced. Something hits you but does no damage.
Deactivating autopickup; reactivate with Ctrl-A.
Something bites you but does no damage.
You have reached level 7!
Aiming: Corrosive Bolt
Press: ? - help, Shift-Dir - straight line The bolt of acid hits something!
The acid corrodes something!
Something hits you but does no damage. Something bites you.
* * * LOW HITPOINT WARNING * * *
Something draws strength from your injuries!
Aiming: Corrosive Bolt
Press: ? - help, Shift-Dir - straight line The bolt of acid hits something!
Something seems to be corroded for longer.
Something draws life force from you!
You die...

▓.▓
▓)▓
▓.▓
▓.▓
▓.▓
▓.▓
▓.▓
▓.▓
▓@▓
▓)▓
▓)▓
▓.▓
▓.▓
▓.▓
▓.▓
▓+▓


There were no monsters in sight!

Vanquished Creatures
  A steam dragon (D)
  2 centaurs (D)
  A howler monkey (D)
  2 iguanas (D)
  2 orc wizards (D)
  An orc (D)
  A bat skeleton (D)
  A goblin (D)
  A hobgoblin (D)
  2 bats (D)
  A kobold (D)
15 creatures vanquished.

Notes
Turn   | Place    | Note
-------+----------+-------------------------------------------
     0 | D        | Zeldest the Vine Stalker Fighter began the quest for the
                  | Orb.
     0 | D        | Reached XP level 1. HP: 11/11 MP: 2/2
    26 | D        | Noticed a centaur
    26 | D        | Noticed an iguana
    26 | D        | Noticed an iguana
    33 | D        | Killed a centaur
    34 | D        | Reached XP level 2. HP: 9/18 MP: 1/3
    34 | D        | Reached XP level 3. HP: 10/21 MP: 1/4
    34 | D        | Gained mutation: Your natural rate of healing is unusually
                  | fast. [Vine Stalker growth]
    34 | D        | Reached XP level 4. HP: 13/26 MP: 1/5
    37 | D        | Reached XP level 5. HP: 12/30 MP: 1/6
    47 | D        | Found a snail-covered altar of Cheibriados.
    47 | D        | Found a shadowy altar of Dithmenos.
    47 | D        | Found a white marble altar of Elyvilon.
    47 | D        | Found a blossoming altar of Fedhas.
    47 | D        | Found an opulent altar of Gozag.
    48 | D        | Found a hazy altar of Hepliaklqana.
    49 | D        | Found a viscous altar of Jiyva.
    50 | D        | Found an ancient bone altar of Kikubaaqudgha.
    51 | D        | Became a worshipper of Cheibriados the Contemplative
    52 | D        | Found a corrupted altar of Lugonu.
    53 | D        | Found a burning altar of Makhleb.
    54 | D        | Found a sparkling altar of Nemelex Xobeh.
    55 | D        | Found an iron altar of Okawaru.
    56 | D        | Found a stormy altar of Qazlal.
    57 | D        | Found a sacrificial altar of Ru.
    58 | D        | Found a shimmering blue altar of Sif Muna.
    59 | D        | Found a bloodstained altar of Trog.
    60 | D        | Found a hide-covered altar of Uskayaw.
    61 | D        | Found a radiant altar of Vehumet.
    62 | D        | Found an ornate altar of the Wu Jian Council.
    63 | D        | Found a shimmering altar of Xom.
    64 | D        | Found a basalt altar of Yredelemnul.
    65 | D        | Found a glowing silver altar of Zin.
    66 | D        | Found a glowing golden altar of the Shining One.
   113 | D        | Noticed a steam dragon
   113 | D        | Noticed a centaur
   113 | D        | Noticed a vampire
   119 | D        | Killed a steam dragon
   120 | D        | Reached skill level 5 in Fighting
   120 | D        | Reached skill level 5 in Long Blades
   120 | D        | Reached skill level 5 in Armour
   120 | D        | Reached skill level 5 in Shields
   120 | D        | Reached XP level 6. HP: 35/35 MP: 5/8
   122 | D        | Reached * piety under Cheibriados
   129 | D        | Reached ** piety under Cheibriados
   130 | D        | Reached skill level 5 in Dodging
   142 | D        | Reached XP level 7. HP: 5/40 MP: 0/10
   142 | D        | HP: 1/40 [something (5)]
   143 | D        | Killed from afar by a vampire

Illustrated notes

Levels and vault maps discovered:
D:        linesprint [early_d, line_temple, items_1, d_10, items_2, lair_1,
          lair_end, items_3, orc_1, orc_end, items_4, d_15, swamp_1, shoals_1,
          snake_1, spider_1, d_20, vaults_1, items_5, swamp_end, shoals_end,
          snake_end, spider_end, vaults_end, d_27, items_6, zot_1, zot_end,
          crypt_end, forest_end, elf_end, slime_end, tomb_end, abyss_end,
          pan_hell_end]

Skill      XL: |  1  2  3  4  5  6 |
---------------+-------------------+-----
Long Blades    | 3 4 5 |  5.9
Fighting       | 4 5 6 |  6.2
Shields        | 4 5 6 |  6.3
Armour         | 4 5 |  5.6
Dodging        | 2 3 4 5 |  5.0
Invocations    | 2 3 |  3.8

Action                   |  1- 3 |  4- 6 |  7- 9 || total
-------------------------+-------+-------+-------++-------
Melee: Long sword        |    20 |     7 |       ||    27
       Bite              |     6 |    17 |       ||    23
       Scimitar          |       |    26 |       ||    26
Evoke: Wand              |       |     1 |     2 ||     3
  Use: Potion            |     2 |       |       ||     2
Armor: Scale mail        |     9 |     2 |       ||    11
       Plate armour      |       |    27 |     1 ||    28
Dodge: Dodged            |     9 |    11 |       ||    20
Block: Kite shield       |    16 |    17 |       ||    33
       Rpst.: Scimitar   |       |     3 |       ||     3
       Long sword        |       |     1 |       ||     1

Table legend: (Time is in decaauts)
 A = Elapsed time spent in this place.
 B = Non-inter-level travel time spent in this place.
 C = Inter-level travel time spent in this place.
 D = Time resting spent in this place.
 E = Time spent auto-exploring this place.
 F = Levels seen in this place.
 G = Mean time per level.
                   A        B        C        D        E       F      G
               +--------+--------+--------+--------+--------+-----+--------+
         Total |    162 |    162 |      0 |      0 |      0 |   1 |  162.0 |
       Dungeon |    162 |    162 |      0 |      0 |      0 |   1 |  162.0 |
               +--------+--------+--------+--------+--------+-----+--------+

Top non-repeatable levels by time:
       D: 162 daAuts
